Map: Ley Lines

Players

peacake

  • Race: Zerg Zerg
  • League: Platinum
  • Spawn Location: 7:00

llllllllllll - Winner!

  • Race: Terran Terran
  • League: Platinum
  • Spawn Location: 1:00

VOD

Have the link to the VOD?

Description

Time

  • Played on: April 25, 2025, 5:57 a.m.
  • Length: 3:20
Show
View Real Time Build Order
Export as new Build Order

peacake Zerg 

Build Orders: 3 Hatch before Pool 

Get SALT Encoding   

  12  0:06  Drone  
  13  0:08  Drone  
  14  0:16  Overlord  
  14  0:26  Drone, Extractor  
  15  0:37  Drone  
  15  0:39  Drone  
  17  0:54  Hatchery  
  17  0:55  Drone  
  17  1:00  Drone  
  18  1:11  Drone  
  19  1:21  Hatchery  
  19  1:23  Drone  
  19  1:36  Spawning Pool  
  18  1:40  Drone, Extractor  
  18  1:45  Drone  
  19  1:54  Drone  
  20  2:07  Hatchery  
  20  2:13  Drone x2  
  22  2:16  Drone  
  22  2:17  Drone  
  24  2:24  Spine Crawler  
  24  2:29  Spine Crawler, Zergling x4  
  24  2:30  Spine Crawler  
  17  2:56  Zergling x2  
  17  2:57  Zergling x2  
Show
View Real Time Build Order
Export as new Build Order

llllllllllll Terran - Winner!

Build Orders:  

Get SALT Encoding   

  12  0:00  SCV  
  13  0:12  SCV  
  14  0:20  Supply Depot  
  14  0:24  SCV  
  15  0:46  Barracks  
  15  0:54  Barracks  
  15  1:05  Barracks  
  15  1:33  Marine  
  15  1:34  Barracks  
  16  1:41  Marine  
  16  1:46  Supply Depot  
  17  1:51  Marine  
  17  1:52  Marine  
  19  1:58  Marine  
  20  2:08  Marine  
  20  2:09  Marine  
  22  2:16  Marine  
  22  2:21  Marine  
  24  2:26  Marine  
  24  2:27  Marine  
  26  2:34  Marine  
  27  2:39  Marine  
  28  2:44  Marine  
  28  2:45  Marine  
  30  2:52  Marine  
  31  3:02  Marine  
Tags
 
Add a new tag
Caveats
  • Supply blocks, unpowered buildings, or Contaminate may cause inaccurate times.
  • Supply counts are checked every 10 seconds.